[Event "*** Titled Tuesday Blitz"]
[Site "Chess.com"]
[Date "2020.02.04"]
[Round "6"]
[White "Ariadna_Atreides"]
[Black "inegrepus"]
[Result "1/2-1/2"]
[WhiteElo "2064"]
[BlackElo "2256"]
[TimeControl "180+2"]
[EndTime "10:23:27 PST"]
[Termination "Game drawn - insufficient material"]

1. d4 Nf6 2. Nf3 g6 3. c4 Bg7 4. Nc3 d5 5. cxd5 Nxd5 6. Na4 O-O 7. e4 Nb6 8. Be3 Nxa4 9. Qxa4 c5 10. O-O-O cxd4 11. Bxd4 Bxd4 12. Qxd4 Qxd4 13. Nxd4 e5 14.
Nb5 Nc6 15. f3 a6 16. Nc7 Rb8 17. Nd5 Be6 18. Bc4 Kg7 19. Kb1 Nd4 20. Ne3 Rfc8 21.
Bxe6 fxe6 22. f4 exf4 23. Rxd4 fxe3 24. Rd7+ Kf6 25. Re1 Rd8 26. Rxh7 Rd2 27. Rxe3 Rxg2 28. e5+ Kf5 29. Rf7+ Kg5 30. h3 Rd8 31. a3 b5 32.
Re7 Rdd2 33. Rxe6 Rxb2+ 34. Kc1 Ra2 35. Kb1 a5 36. Rb6 Rab2+ 37. Kc1 b4 38. axb4 axb4 39.
e6 Ra2 40. Kb1 Rgb2+ 41. Kc1 Rf2 42. Kb1 Rfb2+ 43. Kc1 Rg2 44. Kb1 Raf2 45. Re1 Rb2+ 46. Kc1 Rgc2+ 47. Kd1 Rd2+ 48. Kc1 Rbc2+ 49. Kb1 Re2 50.
Rb5+ Kf6 51. Rxe2 Rxe2 52. Rxb4 Rxe6 53. h4 Kf5 54. Kc2 Re4 55. Rb5+ Kf4 56. h5 gxh5 57. Rxh5 Re5 58. Rxe5 Kxe5 1/2-1/2

[Event "*** Titled Tuesday Blitz"]
[Site "Chess.com"]
[Date "2020.02.04"]
[Round "6"]
[White "Korchmar_Vasiliy"]
[Black "ChristopherYoo"]
[Result "0-1"]
[WhiteElo "2812"]
[BlackElo "2640"]
[TimeControl "180+2"]
[EndTime "10:23:29 PST"]
[Termination "ChristopherYoo won on time"]

1. d4 Nf6 2. c4 g6 3. Nc3 d5 4.
Nf3 Bg7 5. Bf4 O-O 6. e3 c5 7. dxc5 Qa5 8. Rc1 Ne4 9. Be5 Bxe5 10. Nxe5 Nc6 11. Nxc6 bxc6 12. cxd5 Rd8 13. Bc4 cxd5 14. Be2 Nxc5 15. O-O Bb7 16. a3 d4 17. exd4 Ne6 18. d5 Nf4 19. Bf3 e6 20. d6 Qa6 21. Bxb7 Qxb7 22. Qg4 Nd3 23. Rcd1 Nxb2 24. Rb1 Rxd6 25. Ne4 Rb6 26. Nf6+ Kg7 27. Qd4 e5 28. Qxe5 Rxf6 29.
Rxb2 Qa6 30. h4 Qd6 31. Qc3 Re8 32. h5 Qe5 33. Qd2 Qxh5 34. Qd7 Qe5 35. Rb3 Ree6 36. Qxa7 Rf4 37. g3 Re4 38. Qa8 Re1 39. Rb1 Rxf1+ 40.
Rxf1 Qc5 41. a4 Re5 42. Qb7 Qa5 43. Qb2 f6 44. Qb7+ Kh6 45. Qc6 Rf5 46. Kg2 Qd5+ 47. Qxd5 Rxd5 48. Ra1 Ra5 49. Kf3 Kg5 50. Ke4 Kg4 51.
Ra3 h5 52. Kd4 g5 53. Kc4 h4 54. gxh4 gxh4 55. Kb4 Ra8 56. a5 h3 57. Kb5 h2 58.
Ra1 Kf3 59. Kb6 Kg2 60. a6 h1=Q 61. Rxh1 Kxh1 62. Kb7 Rh8 63. f4 Kg2 64. f5 Kf3 0-1

[Event "*** Titled Tuesday Blitz"]
[Site "Chess.com"]
[Date "2020.02.04"]
[Round "6"]
[White "AwareIdea"]
[Black "dabee"]
[Result "1/2-1/2"]
[WhiteElo "2432"]
[BlackElo "2577"]
[TimeControl "180+2"]
[EndTime "10:23:32 PST"]
[Termination "Game drawn - insufficient material"]

1. d4 d5 2. Bf4 c5 3. e3 Nc6 4. c3 e6 5. Nd2 Bd6 6. Bxd6 Qxd6 7. f4 f5 8. Ngf3 Nf6 9. Bd3 O-O 10.
O-O Bd7 11. Ne5 Be8 12. h3 Ne4 13. Ndf3 Qe7 14. Nxc6 bxc6 15. Bxe4 fxe4 16. Ne5 cxd4 17. cxd4 c5 18. Rc1 Bb5 19. Rf2 Rac8 20. dxc5 Rxc5 21. Rfc2 Rfc8 22. a4 Bxa4 23. Rxc5 Rxc5 24. Rxc5 Bxd1 25. Rc8+ Qf8 26. Rxf8+ Kxf8 27. Kf2 Ke7 28. Ke1 Ba4 29. Kd2 Kd6 30. b4 Bb5 31. g4 h6 32. h4 Be8 33.
Kc3 Kc7 34. Kd4 Kb6 35. f5 exf5 36. gxf5 Kb5 37. Kxd5 Kxb4 38. Kxe4 a5 39. Kd4 a4 40.
Nd3+ Kb5 41. e4 a3 42. Kc3 a2 43. Kb2 Kc4 44. Nf4 Bf7 45. e5 Kd4 46. e6 Be8 47. e7 Ke5 48. Ne6 Kf6 49. Kxa2 g6 50. Nc7 Bf7+ 51.
Kb2 Kxe7 52. fxg6 Bxg6 53. Kc3 Kd6 54. Nb5+ Ke5 55. Kd2 Kf4 56. Ke2 Kg3 57. Nd4 Kxh4 58. Kf2 Kg4 59. Kg2 h5 60. Kh2 h4 61. Ne2 Be4 62.
Ng1 Bd3 63. Nh3 Bf1 64. Nf2+ Kf3 65. Nh3 Bd3 66. Ng5+ Kg4 67. Nf3 Bf5 68. Nxh4 1/2-1/2

[Event "*** Titled Tuesday Blitz"]
[Site "Chess.com"]
[Date "2020.02.04"]
[Round "6"]
[White "Indianlad"]
[Black "DanielNaroditsky"]
[Result "1/2-1/2"]
[WhiteElo "2914"]
[BlackElo "3127"]
[TimeControl "180+2"]
[EndTime "10:23:35 PST"]
[Termination "Game drawn by agreement"]

1. e4 e5 2. Nf3 Nc6 3. Bb5 a6 4. Ba4 Nf6 5. O-O Be7 6. Re1 b5 7. Bb3 d6 8. c3 O-O 9. h3 Na5 10. Bc2 c5 11. d4 Nd7 12. a4 Bb7 13. Nbd2 exd4 14. cxd4 Nc6 15. d5 Nce5 16. Nxe5 Nxe5 17. f4 Ng6 18. Nf3 Re8 19. g3 Bf6 20. h4 Qd7 21.
h5 Nf8 22. Nh2 Qh3 23. Qg4 Bd4+ 24. Be3 Qxg4 25. Nxg4 Bxb2 26. h6 Bxa1 27. Rxa1 f6 28. hxg7 Kxg7 29. e5 Nd7 30. Bf5 Nb6 31. Nxf6 Nxd5 32. Nxe8+ Rxe8 33. Bf2 b4 34. exd6 c4 35. d7 Rd8 36. Re1 Bc6 37. Bd4+ Kf7 38. Be6+ Kf8 39.
Bc5+ Kg7 40. Bd4+ Kf8 41. Re5 c3 42. Bxd5 c2 43. Bc5+ Kg7 44. Rg5+ Kh6 45. Be3 Rxd7 46. Bxc6 Rd3 47. Rc5 b3 48. Kf2 Rxe3 49. Kxe3 b2 50. Rxc2 b1=Q 51. Be4 Qb3+ 52. Kf2 Qxa4 53. Rc6+ Kg7 54.
Rc7+ Kf6 55. Bxh7 Qa2+ 56. Kf3 Qb3+ 57. Kg4 Qd1+ 58. Kh4 Qh1+ 59. Kg4 a5 60. Ra7 a4 61.
Bc2 Qg1 62. Ra6+ Ke7 63. Bxa4 Qd4 1/2-1/2

[Event "*** Titled Tuesday Blitz"]
[Site "Chess.com"]
[Date "2020.02.04"]
[Round "6"]
[White "kinga2008"]
[Black "DonPreuss"]
[Result "0-1"]
[WhiteElo "1953"]
[BlackElo "2194"]
[TimeControl "180+2"]
[EndTime "10:23:35 PST"]
[Termination "DonPreuss won by resignation"]

1. e4 e5 2. Nf3 d5 3. exd5 e4 4.
Qe2 Nf6 5. d3 Qxd5 6. dxe4 Qxe4 7. Qxe4+ Nxe4 8. Bd3 Nc5 9. Bc4 Be6 10. Bxe6 Nxe6 11. O-O Nc6 12. a3 O-O-O 13. Be3 Ncd4 14. Nxd4 Nxd4 15. Bxd4 Rxd4 16. Re1 Bc5 17. b4 Bb6 18. c3 Rd3 19. c4 Bd4 20. Ra2 Bf6 21. Rae2 Rhd8 22. h3 Rd1 23. Kh2 R8d3 24. Rxd1 Rxd1 25. Nd2 Ra1 26. Ne4 Rxa3 27. Nc5 c6 28. Re8+ Kc7 29.
Rf8 b6 30. Rxf7+ Kd6 31. Ne4+ Ke5 32. Nxf6 gxf6 33. Rxh7 Ra4 34. b5 cxb5 35. cxb5 a6 36. bxa6 Rxa6 37. Re7+ Kf5 38. g4+ Kg6 39. f4 b5 40. Kg3 Rb6 41. f5+ Kh6 42. h4 b4 43. Re6 Rxe6 44. fxe6 Kg7 45. h5 b3 46. h6+ Kxh6 47. e7 b2 48. e8=Q b1=Q 49. Qh8+ Kg6 50. Qg8+ Kh6 51. Qf8+ Kg6 52. Qe8+ Kg7 53. Qe7+ Kg6 54.
Qe8+ Kh6 55. Qf8+ Kg6 56. Qg8+ Kh6 57. Kf4 Qc1+ 58. Kf5 Qf1+ 59. Ke6 Qc4+ 60. Kxf6 Qxg8 61. Kf5 Qg5+ 62. Ke4 Qxg4+ 0-1

[Event "*** Titled Tuesday Blitz"]
[Site "Chess.com"]
[Date "2020.02.04"]
[Round "6"]
[White "vovachesss"]
[Black "victormago"]
[Result "1/2-1/2"]
[WhiteElo "2570"]
[BlackElo "2424"]
[TimeControl "180+2"]
[EndTime "10:23:41 PST"]
[Termination "Game drawn by repetition"]

1. e4 c5 2. d4 cxd4 3. c3 dxc3 4.
Nxc3 Nc6 5. Nf3 a6 6. Bc4 e6 7. O-O d6 8. Qe2 Be7 9. Rd1 Qc7 10. Bf4 Ne5 11. Bb3 Nf6 12. Rac1 Qb8 13. Na4 b5 14.
Nxe5 dxe5 15. Bxe5 Qxe5 16. Nb6 Bc5 17. Nxa8 O-O 18.
Qc2 Nxe4 19. Re1 Bb7 20. Rxe4 Qxe4 21. Qxe4 Bxe4 22. Rxc5 Bxa8 23. f3 g6 24. Rc7 Rb8 25. Ra7 Bb7 26. Bd1 Kf8 27. Be2 Ke7 28. a4 Kd6 29. axb5 axb5 30. Bxb5 Kc5 31. Bf1 Kb6 32. Ra3 Bd5 33. b4 Kc7 34. b5 Kd6 35. Ra7 Rb7 36.
Ra3 Kc5 37. Kf2 h5 38. h4 Kb4 39. Ra1 Kc5 40. Kg3 Kb6 41. Kf4 f6 42. Bd3 e5+ 43.
Ke3 Kc5 44. Rc1+ Kd6 45. Bxg6 Rxb5 46. Bxh5 f5 47. Rc2 Rb3+ 48. Kf2 e4 49. fxe4 Bxe4 50.
Re2 Rb4 51. Bf3 Bxf3 52. Kxf3 Rxh4 53. Re8 Rg4 54. Re1 Rc4 55. g3 Rg4 56. Re2 Rc4 57.
Kg2 Rg4 58. Kh3 Rc4 59. Re8 Rg4 60. Re1 Rc4 61. Rf1 Ke6 62. Rf4 Rc1 63. Kh4 Rc8 64. Ra4 Rh8+ 65. Kg5 Rg8+ 66. Kh4 Rh8+ 67. Kg5 Rg8+ 68. Kh4 Rh8+ 1/2-1/2

[Event "*** Titled Tuesday Blitz"]
[Site "Chess.com"]
[Date "2020.02.04"]
[Round "6"]
[White "hongnhung1234"]
[Black "SergioGarciaFuentes"]
[Result "0-1"]
[WhiteElo "2267"]
[BlackElo "2174"]
[TimeControl "180+2"]
[EndTime "10:23:48 PST"]
[Termination "SergioGarciaFuentes won by checkmate"]

1. d4 d5 2. c4 c6 3. Nf3 Nf6 4.
cxd5 cxd5 5. Nc3 a6 6. Bf4 Nc6 7. e3 Bg4 8. Be2 e6 9. O-O Bd6 10. Bxd6 Qxd6 11. h3 Bxf3 12. Bxf3 O-O 13. a3 Rac8 14.
Rc1 b5 15. Qd3 Rfd8 16. b4 e5 17. dxe5 Nxe5 18. Qe2 d4 19. exd4 Qxd4 20. Rfd1 Nxf3+ 21. Qxf3 Qe5 22. Re1 Qd4 23. Red1 Qe5 24. Re1 Qd4 25. Rcd1 Qb6 26. Nd5 Nxd5 27. Rxd5 Rxd5 28. Qxd5 g6 29. Re7 Qf6 30. Re1 Rc2 31. Rf1 Kg7 32. Qd3 Rc3 33.
Qe4 Rxa3 34. Rc1 Ra1 35. Rxa1 Qxa1+ 36. Kh2 Qf6 37. f3 g5 38. Kg1 h6 39. Qd3 Qa1+ 40.
Kh2 Qe5+ 41. Kg1 Qe1+ 42. Kh2 Qxb4 43. Qc2 Qd6+ 44. Kg1 Qd4+ 45. Kh2 b4 46. Qa4 a5 47. Qxa5 b3 48. h4 Qxh4+ 49. Kg1 Qd4+ 50. Kh2 b2 51. Qb5 Qf4+ 52. Kg1 Qc1+ 53. Kh2 b1=Q 54. Qe5+ Kg6 55. Qd6+ f6 56. Qd5 Qf4+ 57. g3 Qb2+ 58. Kh3 Qf5+ 59. Qxf5+ Kxf5 60. f4 gxf4 61. g4+ Kg6 62. g5 Qc3+ 63.
Kg4 Qg3# 0-1

[Event "*** Titled Tuesday Blitz"]
[Site "Chess.com"]
[Date "2020.02.04"]
[Round "6"]
[White "Snegokhod"]
[Black "sergoy"]
[Result "1/2-1/2"]
[WhiteElo "2636"]
[BlackElo "2847"]
[TimeControl "180+2"]
[EndTime "10:24:13 PST"]
[Termination "Game drawn - insufficient material"]

1. e4 c5 2. Nf3 d6 3. d4 cxd4 4.
Qxd4 a6 5. Be3 Nf6 6. Nc3 Nc6 7. Qb6 Qxb6 8. Bxb6 Bg4 9. Nd2 g6 10. f3 Be6 11. Bc4 Bg7 12. Bxe6 fxe6 13. O-O-O Nd7 14. Na4 Kf7 15. c3 Rac8 16. Kb1 Nce5 17. Bd4 Nd3 18. Be3 Rc6 19. Nb3 N3e5 20. Na5 Rc7 21. Nb6 Nc6 22. Nxc6 bxc6 23. Nxd7 Rxd7 24. Bd4 e5 25. Be3 d5 26. Bc5 Rb8 27. Kc2 a5 28. b3 d4 29. cxd4 exd4 30. Kd3 e5 31. Rc1 a4 32. b4 Rb5 33. a3 Ke6 34. Rc4 Rb8 35. Rhc1 g5 36. Rf1 Rf7 37. Rc2 h5 38. h3 Bh6 39. Rcf2 Kd7 40. Ba7 Ra8 41.
Bb6 Rg8 42. Bc5 Rg6 43. Kc4 Rgf6 44. Kd3 g4 45. hxg4 hxg4 46. Rh1 gxf3 47. g4 Be3 48. Rff1 Rg6 49. Rh5 Rxg4 50. Rxe5 Rg2 51. Bxd4 Bxd4 52. Kxd4 Rd2+ 53. Kc5 f2 54. Rf5 Ke6 55. Rxf7 Kxf7 56. Kxc6 Ke6 57. Kb5 Ke5 58. Kxa4 Kxe4 59. Kb5 Rd5+ 60.
Kc6 Rf5 61. b5 Rf6+ 62. Kc7 Kd5 63. b6 Rf7+ 64. Kd8 Kc6 65. Ke8 Rf3 66. Ke7 Rxa3 67. Rxf2 Kxb6 68. Rc2 Re3+ 69. Kd6 Rd3+ 70. Ke5 Kb5 71.
Ke4 Rd8 72. Ke5 Re8+ 73. Kd6 Kb4 74. Kd7 Re1 75. Rc8 Rd1+ 76. Ke6 Kb5 77. Ke5 Kb6 78. Ke4 Re1+ 79. Kd3 Re7 80. Rc2 Rc7 81. Rxc7 Kxc7 1/2-1/2

[Event "*** Titled Tuesday Blitz"]
[Site "Chess.com"]
[Date "2020.02.04"]
[Round "6"]
[White "MisiekZielony"]
[Black "WPWPWP-2015"]
[Result "1-0"]
[WhiteElo "2353"]
[BlackElo "2521"]
[TimeControl "180+2"]
[EndTime "10:25:09 PST"]
[Termination "MisiekZielony won by resignation"]

1. c4 e5 2. Nc3 Nf6 3. g3 Nc6 4. Bg2 Bc5 5. Nf3 d6 6. O-O O-O 7. e3 h6 8. d4 exd4 9. exd4 Bb6 10. h3 Bf5 11. a3 a5 12. b3 Ne4 13. Nd5 Ba7 14. Bb2 Qd7 15. Kh2 Rae8 16. Rc1 Bh7 17. b4 axb4 18. axb4 Nd8 19. Nd2 c6 20. Nf4 d5 21. b5 Bb8 22. Nxe4 Bxe4 23. bxc6 bxc6 24.
Nd3 Bxg2 25. Kxg2 dxc4 26. Ne5 Qd5+ 27. Qf3 Bxe5 28. dxe5 Ne6 29. Rfd1 Qxf3+ 30. Kxf3 Rb8 31. Rd2 Rb3+ 32. Kg2 Rfb8 33. Bc3 Nc5 34. Rd4 Nd3 35. Rc2 Nxe5 36. Re4 Nd3 37. Rxc4 c5 38. Bd2 Nb4 39. Rc1 Na6 40. Ra1 R3b6 41. Be3 Rc8 42. Rac1 Rbc6 43.
Kf3 Kf8 44. Ra1 Ke7 45. Rca4 Nc7 46. Re4+ Ne6 47. Rc4 g5 48. g4 Kf6 49. Ke4 Rd6 50. Rac1 Rdc6 51. Kd5 R6c7 52. Ke4 Re8 53. Kf3 Rec8 54. h4 Ke7 55. h5 Kd6 56. Ke4 Rc6 57.
Rd1+ Ke7 58. Rd5 Ke8 59. Kf5 Ke7 60. Ke5 R8c7 61. f3 Rc8 62. Ke4 R6c7 63. f4 Rc6 64. f5 Nf4 65. Bxf4 gxf4 66. Kxf4 f6 67. Rd3 Rd6 68.
Re3+ Kf7 69. Rec3 Rd5 70. Ke4 Re5+ 71. Kf4 Ke7 72. Ra3 Kd6 73. Ra6+ Kd5 74. Rc1 Re4+ 75.
Kf3 Rd4 76. Rxf6 Ra8 77. Rc3 Ra1 78. Rxh6 Rf1+ 79. Kg2 Re1 80. Rg6 Ree4 81. Kg3 c4 82. h6 Rd3+ 83. Rxd3+ cxd3 84. h7 Re8 85. Rg8 d2 86.
Rxe8 d1=Q 87. Rd8+ 1-0

[Event "*** Titled Tuesday Blitz"]
[Site "Chess.com"]
[Date "2020.02.04"]
[Round "6"]
[White "marabu44"]
[Black "DDTerziev04"]
[Result "0-1"]
[WhiteElo "2291"]
[BlackElo "2217"]
[TimeControl "180+2"]
[EndTime "10:25:19 PST"]
[Termination "DDTerziev04 won by checkmate"]

1. Nf3 Nf6 2. d4 d5 3. c4 dxc4 4. e3 e6 5. Bxc4 a6 6. a4 c5 7.
O-O Nc6 8. dxc5 Qxd1 9. Rxd1 Bxc5 10. b3 O-O 11. Nc3 b6 12. Ba3 Bxa3 13. Rxa3 Bb7 14. Ra2 Na5 15. Be2 Rac8 16. Nb1 Bd5 17. Bxa6 Bxb3 18.
Bxc8 Bxd1 19. Ba6 Ra8 20. Bb5 Rc8 21. Rd2 Bb3 22. h3 g6 23. Na3 Rc1+ 24. Kh2 Ra1 25. Nc2 Ra2 26. Ncd4 Rxd2 27. Nxd2 Bd1 28. e4 Kg7 29. f3 e5 30. Nc6 Nxc6 31. Bxc6 Be2 32. Kg1 Bd3 33. Kf2 Kf8 34. Ke3 Ba6 35. Nb1 Ke7 36. Nc3 Kd6 37. Be8 Nxe8 38. g3 Kc5 39. f4 exf4+ 40. gxf4 Nc7 41. h4 Kb4 42. Kd2 b5 43. axb5 Bxb5 44. Nd1 Bc6 45. Ke3 Kc5 46. Nf2 h5 47. Nd3+ Kd6 48. Ne5 Be8 49.
Nc4+ Kc5 50. Ne5 f6 51. Nf3 Nb5 52. e5 fxe5 53. Nxe5 Nd6 54. Nd3+ Kd5 55. Nb4+ Kc4 56. Na6 Nf5+ 57. Ke4 Nxh4 58. Ke5 Nf5 59. Nc7 Bc6 60. Ne6 h4 61. Ng5 Bg2 62. Kf6 h3 63. Nxh3 Bxh3 64.
Kxg6 Kd4 65. Kf6 Ke4 66. Kg5 Bf1 67. Kf6 Kxf4 68. Kg6 Bc4 69. Kf6 Nd4 70. Kg6 Be6 71. Kf6 Bf5 72. Ke7 Ke5 73. Kf7 Nc6 74. Kg7 Ke6 75. Kh6 Kf6 76. Kh5 Nd4 77. Kh6 Ne2 78. Kh5 Bg6+ 79. Kg4 Nd4 80. Kf4 Bf5 81. Ke3 Ke5 82.
Kd2 Kd5 83. Kc3 Nc6 84. Kb3 Bd3 85. Kc3 Bc4 86. Kb2 Kd4 87. Kc2 Bd3+ 88. Kb2 Na5 89. Ka3 Kc3 90. Ka2 Nc4 91. Ka1 Nd2 92. Ka2 Nb3 93. Ka3 Bb1 94. Ka4 Nd4 95. Ka3 Nb5+ 96. Ka4 Kc4 97. Ka5 Kc5 98. Ka4 Bc2+ 99. Ka5 Nd6 100. Ka6 Kc6 101. Ka5 Kc5 102. Ka6 Bb3 103. Ka5 Nb7+ 104. Ka6 Kc6 105. Ka7 Kc7 106. Ka6 Bc4+ 107. Ka7 Nd6 108. Ka8 Bb5 109. Ka7 Nc8+ 110. Ka8 Bc6# 0-1

[Event "*** Titled Tuesday Blitz"]
[Site "Chess.com"]
[Date "2020.02.04"]
[Round "6"]
[White "M1711"]
[Black "SabinaFoisor"]
[Result "0-1"]
[WhiteElo "2507"]
[BlackElo "2349"]
[TimeControl "180+2"]
[EndTime "10:25:41 PST"]
[Termination "SabinaFoisor won by checkmate"]

1. e4 e5 2. Nf3 Nc6 3. Bc4 Bc5 4. O-O Nf6 5. d3 d6 6. c3 O-O 7. h3 a6 8. a4 Ba7 9. Na3 Ne7 10. Nc2 Ng6 11.
Be3 c6 12. Ba2 d5 13. Bxa7 Rxa7 14. Re1 Re8 15. exd5 cxd5 16. d4 e4 17. Ne5 Nh4 18. Ne3 Qd6 19. c4 Be6 20. cxd5 Nxd5 21. N3c4 Qb8 22.
Rxe4 Ng6 23. Nxg6 hxg6 24. Ne5 Qd6 25. Re1 Raa8 26. Qf3 Rad8 27. Rad1 Qb4 28. Nxg6 Qxa4 29.
Bxd5 Rxd5 30. Nf4 Rf5 31. Qg3 Rf6 32. Nxe6 Rfxe6 33. Rxe6 Qxd1+ 34. Kh2 Rxe6 35. Qb8+ Kh7 36. Qf4 Rg6 37. Qh4+ Kg8 38. Qd8+ Kh7 39. Qh4+ Rh6 40. Qf4 g6 41. Qxf7+ Kh8 42. Qf8+ Kh7 43. Qe7+ Kg8 44.
Qe8+ Kg7 45. Qe7+ Kg8 46. Qd8+ Kg7 47. Qd7+ Kg8 48. Qc8+ Kg7 49. Qxb7+ Kg8 50. Qa8+ Kg7 51. Qb7+ Kg8 52. Qc8+ Kg7 53. Qd7+ Kg8 54. Qd8+ Kg7 55. Qe7+ Kg8 56. Qe8+ Kg7 57. Qd7+ Kg8 58. d5 Qd4 59. Qe6+ Kh7 60. d6 g5 61. Qf5+ Rg6 62. d7 Kg7 63.
Kg1 Qd1+ 64. Kh2 Qd6+ 65. g3 Qe7 66. Kg2 Rd6 67. Kh2 Rxd7 68. Qg4 Rd6 69. h4 Rg6 70. h5 Rh6 71. Qd4+ Qf6 72. Qa7+ Qf7 73. Qd4+ Kh7 74.
Qe4+ Kg8 75. Qa8+ Kg7 76. Kg2 Rxh5 77. Qe4 Rh6 78. Qe5+ Rf6 79. Qxg5+ Qg6 80. Qd5 Qf5 81. Qb7+ Rf7 82. Qb6 Qf3+ 83. Kg1 Qd1+ 84. Kg2 Qd5+ 85. Kh2 Qf5 86. Kg2 a5 87. Qe3 Qf6 88. b3 Re7 89.
Qc5 Qe5 90. Qc1 Qe4+ 91. Kh2 Kg6 92. Qc5 Rh7+ 93. Kg1 Rh1# 0-1

[Event "*** Titled Tuesday Blitz"]
[Site "Chess.com"]
[Date "2020.02.04"]
[Round "6"]
[White "saraswathii"]
[Black "manmanlai1"]
[Result "0-1"]
[WhiteElo "2150"]
[BlackElo "2275"]
[TimeControl "180+2"]
[EndTime "10:26:40 PST"]
[Termination "manmanlai1 won by resignation"]

1. e4 c6 2. d3 d5 3. Nd2 e5 4. Ngf3 Bd6 5. g3 Qe7 6. Bg2 Nf6 7. O-O dxe4 8. dxe4 O-O 9. Qe2 Re8 10. Nc4 Bc7 11.
Bg5 h6 12. Bd2 Nbd7 13. Rad1 Nf8 14. Nh4 Bg4 15. f3 Be6 16. Ne3 Bb6 17. Kh1 Qc7 18. a3 Rad8 19. Bc3 Rd7 20. f4 Rxd1 21. Rxd1 exf4 22.
Nef5 N8h7 23. e5 Nd5 24. gxf4 g6 25. Nxh6+ Kg7 26. f5 Nxc3 27. bxc3 Kxh6 28. fxe6 Rxe6 29. Nf3 Kg7 30. Bh3 Re7 31. e6 Qf4 32. Qe5+ Qxe5 33. Nxe5 fxe6 34. Rd2 Nf8 35. Rg2 Kf6 36. Ng4+ Kg7 37.
Rg3 Rd7 38. Ne5 Rd1+ 39. Kg2 Rg1+ 40. Kf3 Rxg3+ 41. hxg3 Kf6 42. Ng4+ Ke7 43. Nh6 Bc5 44.
a4 Bd6 45. g4 Be5 46. c4 Kf6 47. Ke4 Bc3 48. Ng8+ Kf7 49. Nh6+ Kg7 50. g5 Bd2 51. Ng4 Bxg5 52. Ne5 Kf6 53. Nd3 Ke7 54. Nc5 b6 55. Nb3 Bh4 56. c5 Bf6 57. cxb6 axb6 58. a5 bxa5 59.
Nxa5 Kd6 60. Bg2 Nd7 61. Nc4+ Ke7 62. Kd3 Nb8 63. Be4 g5 64. Ne3 Be5 65. Kc4 Kd6 66.
Ng4 Bf4 67. Nf6 Nd7 68. Ne8+ Ke7 69. Ng7 Ne5+ 70. Kd4 Kf7 71. Nh5 Bh2 72. Bg2 Ng4 73.
Bxc6 Bg1+ 74. Kd3 Bh2 75. Ke4 Ke7 76. Ng7 Nf2+ 77. Kf3 Nd1 78. Nh5 Kf7 79. Bb5 Be5 80. Bc4 Bf6 81. Ke2 Nc3+ 82. Kd3 Na4 83. Ng3 Nc5+ 84.
Ke2 Kg6 85. Nf1 g4 86. Nd2 Kg5 87. Kf2 Kf4 88. Kg2 Bd4 89. Nf1 e5 90. Ng3 Be3 91.
Ne2+ Kg5 92. Kg3 Ne4+ 93. Kg2 Nd2 94. Be6 Ne4 95. c4 Nf6 96. Ng3 Bd4 97. Nf5 Bc5 98. Ng7 Nh5 99. Ne8 Nf4+ 100. Kg3 Nxe6 101. Kg2 Kg6 102. Kg3 Kf7 0-1

[Event "*** Titled Tuesday Blitz"]
[Site "Chess.com"]
[Date "2020.02.04"]
[Round "6"]
[White "VincentKeymer"]
[Black "Andro2"]
[Result "1/2-1/2"]
[WhiteElo "2683"]
[BlackElo "2438"]
[TimeControl "180+2"]
[EndTime "10:26:45 PST"]
[Termination "Game drawn by repetition"]

1. Nf3 Nf6 2. e3 b6 3. b3 Bb7 4. Bb2 e6 5. d4 Be7 6. Bd3 O-O 7.
O-O d5 8. Nbd2 Nbd7 9. Ne5 c5 10.
f4 Ne4 11. Nxd7 Qxd7 12. dxc5 Bxc5 13. Rf3 f5 14. Rh3 Nxd2 15. Qxd2 Rad8 16. Bd4 Qc7 17. a4 Rc8 18. Re1 Rf7 19. Rg3 a5 20. Rf1 Be7 21. Rh3 Bf6 22. Qf2 g6 23. Rf3 e5 24.
fxe5 Bxe5 25. g4 Bxd4 26. exd4 f4 27. Rxf4 Rxf4 28. Qxf4 Qxf4 29. Rxf4 Re8 30. Rf6 Bc8 31. h3 Re6 32. Rxe6 Bxe6 33. Kf2 Kf7 34. Kg3 h6 35. Kf4 Kf6 36. c3 g5+ 37. Ke3 Ke7 38. Kf3 Kd6 39. Bf5 Bf7 40. Ke3 Be8 41. Kd3 b5 42. axb5 Bxb5+ 43. Ke3 a4 44. bxa4 Bxa4 45. Bd3 Bb3 46.
Bb5 Ba2 47. Be8 Bc4 48. Bf7 Ba2 49. Bg6 Bb3 50. Bd3 Ba2 51. Kd2 Bb3 52. Kc1 Kc6 53. Kb2 Bd1 54. Ka3 Bf3 55. Bf1 Kb6 56. Kb4 Kc6 57. Ka5 Be4 58. Kb4 Bf3 59. Ka5 Be4 60. Ka6 Bf3 61. Ka7 Kc7 62. Ka6 Kc6 63. Bb5+ Kc7 64. c4 dxc4 65. Bxc4 Bg2 66. Kb5 Kd6 67. Kb4 Bxh3 68. Be2 Bg2 69. Kc3 Kd5 70. Kd3 Be4+ 71. Ke3 Bg2 72. Bd1 Bh1 73. Bb3+ Kd6 74. Ba2 Bc6 75. Bb1 Bd7 76. Kf3 Kd5 77. Bf5 Be8 78. Ke3 Kd6 79. Kd3 Bc6 80. Ke3 Bd5 81. Bc8 Bf7 82. Ke4 Bg6+ 83. Bf5 Bf7 84. Bh7 Be6 85. Bf5 Bd5+ 86. Kd3 Bf3 87. Ke3 Bd1 88. Bc8 Kd5 89.
Bb7+ Kd6 90. Bf3 Bc2 91. Kd2 Bg6 92. Kc3 Bf7 93. Kb4 Be6 94. Kc3 Bf7 95. Kd3 Be6 96. Ke4 Bd5+ 97. Ke3 Be6 98. Kd2 Bf7 99. Kc3 Be6 100.
Kd3 Bf7 101. Be2 Bg6+ 102. Ke3 Bc2 103. Bd3 Bd1 104. Be2 Bc2 105. Bf3 Bb1 106. Be4 Ba2 107. Bd3 Bd5 108. Bc2 Be6 109. Bd1 Bd5 110. Kd3 Be6 111. Kc3 Bd7 112. Bf3 Be6 113. Be2 Bd7 114. Bf3 Be6 1/2-1/2

[Event "*** Titled Tuesday Blitz"]
[Site "Chess.com"]
[Date "2020.02.04"]
[Round "7"]
[White "Mikhail_Golubev"]
[Black "OhanyanEminChess"]
[Result "1-0"]
[WhiteElo "2547"]
[BlackElo "2457"]
[TimeControl "180+2"]
[EndTime "10:28:17 PST"]
[Termination "Mikhail_Golubev won by checkmate"]

1. e4 e5 2. Nf3 Nc6 3. Bc4 Nf6 4.
Ng5 d5 5. exd5 Na5 6. Bb5+ Bd7 7. Qe2 Bxb5 8. Qxb5+ c6 9. dxc6 Nxc6 10. Qxb7 Nd4 11. Qxf7# 1-0

[Event "*** Titled Tuesday Blitz"]
[Site "Chess.com"]
[Date "2020.02.04"]
[Round "7"]
[White "Anton_Demchenko"]
[Black "Volodar_Murzin"]
[Result "1-0"]
[WhiteElo "2963"]
[BlackElo "2610"]
[TimeControl "180+2"]
[EndTime "10:31:09 PST"]
[Termination "Anton_Demchenko won by resignation"]

1. e4 c6 2. Nf3 d5 3. d3 dxe4 4.
dxe4 Qxd1+ 5. Kxd1 Nd7 6. Nfd2 Ngf6 7. f3 e5 8. c3 Nb6 9. a4 a5 10. Kc2 Be6 11. b3 Be7 12. Be2 Nfd7 13. Na3 f6 14.
Rd1 Kf7 15. Ndc4 Nxc4 16. Bxc4 Nb6 17. Bxe6+ Kxe6 18. Be3 Kf7 19. Bxb6 Ke6 20. Nc4 Ra6 21. Rd3 1-0

[Event "*** Titled Tuesday Blitz"]
[Site "Chess.com"]
[Date "2020.02.04"]
[Round "7"]
[White "Kostina_Nadezhda"]
[Black "zurzan"]
[Result "1-0"]
[WhiteElo "2170"]
[BlackElo "1988"]
[TimeControl "180+2"]
[EndTime "10:31:12 PST"]
[Termination "Kostina_Nadezhda won by resignation"]

1. e4 d6 2. d4 Nf6 3. Nc3 Nbd7 4.
Nf3 e5 5. dxe5 dxe5 6. Bc4 Be7 7. Bxf7+ Kxf7 8. Ng5+ Kg8 9. Ne6 Qe8 10. Nxc7 Qg6 11.
Nxa8 Qxg2 12. Rf1 Ng4 13. Qd5+ Kf8 14. Qc4 Bc5 15. Be3 Bxe3 16. fxe3+ Ke7 17. Nd5+ Kd6 18.
O-O-O 1-0

[Event "*** Titled Tuesday Blitz"]
[Site "Chess.com"]
[Date "2020.02.04"]
[Round "7"]
[White "dangerousattack1st"]
[Black "Elshan1985"]
[Result "0-1"]
[WhiteElo "2802"]
[BlackElo "2695"]
[TimeControl "180+2"]
[EndTime "10:32:04 PST"]
[Termination "Elshan1985 won on time"]

1. e4 d6 2. d4 Nf6 3. Nc3 e5 4. dxe5 dxe5 5. Qxd8+ Kxd8 6. Bg5 Be7 7. O-O-O+ Nbd7 8.
Nf3 Bd6 9. Nb5 Ke7 10. Bc4 h6 11. Nxd6 cxd6 12. Bd2 Nxe4 13. Bb4 a5 14. Ba3 f6 0-1

[Event "*** Titled Tuesday Blitz"]
[Site "Chess.com"]
[Date "2020.02.04"]
[Round "7"]
[White "albi1999"]
[Black "Tayson_7"]
[Result "0-1"]
[WhiteElo "2499"]
[BlackElo "2664"]
[TimeControl "180+2"]
[EndTime "10:32:18 PST"]
[Termination "Tayson_7 won by resignation"]

1. e4 c5 2. Nf3 d6 3. Bb5+ Nd7 4. O-O a6 5. Bd3 Ngf6 6. Re1 e6 7. c3 b5 8. a4 c4 9. Bc2 Bb7 10. d4 cxd3 11.
Bxd3 Be7 12. axb5 axb5 13. Rxa8 Qxa8 14. Nbd2 O-O 15. Bxb5 Nc5 16. e5 dxe5 17. Rxe5 Rd8 18. Qc2 Nce4 19. Nxe4 Bxe4 20. Qe2 Bd6 21. Rg5 h6 22. Rg3 Bxg3 23. hxg3 Qa1 24. Qe1 Bc2 25. Be2 Bd3 26. Bxd3 Rxd3 27. Bd2 Qxb2 28. Qe2 Rxc3 29.
Qe5 Qb1+ 0-1

[Event "*** Titled Tuesday Blitz"]
[Site "Chess.com"]
[Date "2020.02.04"]
[Round "7"]
[White "BeanScreen"]
[Black "cancrushyou"]
[Result "1-0"]
[WhiteElo "2555"]
[BlackElo "2477"]
[TimeControl "180+2"]
[EndTime "10:32:18 PST"]
[Termination "BeanScreen won by resignation"]

1. e4 c5 2. Nf3 e6 3. d4 cxd4 4.
Nxd4 Nc6 5. Nc3 Qc7 6. g3 a6 7. Bg2 Nf6 8. O-O Nxd4 9. Qxd4 Bc5 10. Bf4 d6 11. Qd3 h6 12. Rad1 O-O 13. Bxd6 Bxd6 14.
Qxd6 Qa5 15. e5 Nd7 16. f4 Rb8 17. Kh1 b5 18. Bc6 b4 19. Ne4 Rb6 20. Qc7 Nb8 21.
Rd8 Rxd8 22. Qxd8+ Kh7 23. Ng5+ hxg5 24. Be4+ g6 25.
fxg5 Rb7 26. Qxa5 1-0

[Event "*** Titled Tuesday Blitz"]
[Site "Chess.com"]
[Date "2020.02.04"]
[Round "7"]
[White "mortngabriel"]
[Black "KRASAVCHIK2002"]
[Result "1-0"]
[WhiteElo "2421"]
[BlackElo "2503"]
[TimeControl "180+2"]
[EndTime "10:32:28 PST"]
[Termination "mortngabriel won by resignation"]

1. d4 Nf6 2. Nc3 d5 3. Bf4 e6 4. Nb5 Na6 5. a3 c5 6. e3 c4 7. c3 Qb6 8. a4 Bd7 9. b3 Bxb5 10.
axb5 Qxb5 11. bxc4 dxc4 12. Qa4 Qxa4 13. Rxa4 Nd5 14. Bxc4 Nxf4 15. exf4 Bd6 16. Bxa6 bxa6 17. Ne2 Rb8 18. O-O Rb2 19. Re1 O-O 20. Rxa6 Rfb8 21. g3 Bf8 22. Rxa7 Rc2 23. Kg2 Rbb2 24. Kf3 1-0